 Dungeon Crawl Stone Soup version 0.27.1-34-g3ba077fa99 (webtiles) character file.

Game seed: 710190199195175919

730522 comborobin the Wrestler (level 27, -17/278 (287) HPs)
             Began as a Troll Delver on Jan 8, 2022.
             Was the Champion of Cheibriados.
             Hit by a reaper thrown by iron giant (27 damage)
             ... on level 19 of a ziggurat on Jan 9, 2022.
             The game lasted 03:24:16 (56321 turns).

comborobin the Wrestler (Troll Delver)             Turns: 56321, Time: 03:24:17

HP:   -17/278 (287) AC: 11    Str: 43 (44) XL:     27
MP:   35/56         EV: 19    Int: 39      God:    Cheibriados [******]
Gold: 8496          SH: 19    Dex: 26      Spells: 1/51 levels left

rFire    + + .     SeeInvis +   u - staff of air
rCold    + . .     Faith    .   s - +2 kite shield {rN+}
rNeg     + + .     Spirit   .   y - +1 troll leather armour "Moed" {rF+ Regen+}
rPois    +         Reflect  .   S - +0 mask of the Dragon {Will+ Slay+3 SInv}
rElec    +         Harm     .   j - +2 cloak {rPois}
rCorr    .         Rampage  .   (gloves unavailable)
Will     +++..                  (boots unavailable)
Stlth    ++........             T - amulet "Zucvose" {Acrobat rF+ rC+ Slay+4 Stlth-}
HPRegen  2.56/turn              I - ring "Qainoi" {MP+9 Int+6}
MPRegen  0.35/turn              t - ring of Udumus {rN+ MP+9 Int+4 Slay+3 SInv}

@: blinkbolt cooldown, studying 2 skills, lightly drained, very slow
A: large, unfitting armour, claws 3, regeneration 1, shaggy fur 1, tough skin 1
}: 4/15 runes: decaying, serpentine, silver, abyssal
a: Renounce Religion, Bend Time, Temporal Distortion, Slouch, Step From Time


You were on level 19 of a ziggurat.
You worshipped Cheibriados.
Cheibriados was exalted by your worship.
You visited 10 branches of the dungeon, and saw 46 of its levels.
You visited the Abyss 3 times.
You visited 1 ziggurat, and saw 19 of its levels.
You also visited: Desolation.

You collected 12257 gold pieces.
You spent 3761 gold pieces at shops.

Inventory:

Missiles
 k - 2 throwing nets
 B - 96 large rocks (quivered)
Armour
 j - a +2 cloak of poison resistance (worn)
 m - the +10 tower shield of Ignorance {rN+ Int-4}
   (You found it in the Desolation of Salt)

   Int:       It affects your intelligence (-4).
   rN:        It protects you from negative energy.
 s - a +2 kite shield of positive energy (worn)
 y - the +1 troll leather armour "Moed" (worn) {rF+ Regen+}
   (You took it off a fire giant on level 5 of the Vaults)

   rF:        It protects you from fire.
   Regen:     It increases your rate of health regeneration.
 C - the +2 hood of the Assassin {Detection Stab+ Stlth++}
   (You found it on level 18 of a ziggurat)

   It allows the wearer to sense nearby creatures.
   It allows the wearer to make particularly effective stabbing attacks against
   helpless or unaware enemies with any weapon.
   Stlth:     It makes you much more stealthy.
 F - the +9 scales of the Dragon King {rPois rF+ rC+ Will+}
   (You took it off a deep elf high priest on level 4 of the Depths)

   rF:        It protects you from fire.
   rC:        It protects you from cold.
   rPois:     It protects you from poison.
   Will:      It increases your willpower.
 G - the +18 shield of the Gong {rElec rN+ Will+ EV-5}
   (You found it on level 3 of the Vaults)

   It is deafeningly noisy when blocking attacks.
   EV:        It affects your evasion (-5).
   rElec:     It insulates you from electricity.
   rN:        It protects you from negative energy.
   Will:      It increases your willpower.
 K - a +0 cloak of preservation
 S - the +0 mask of the Dragon (worn) {Will+ Slay+3 SInv}
   (You bought it in a shop on level 2 of the Depths)

   Slay:      It affects your accuracy & damage with ranged weapons and melee
   (+3).
   SInv:      It lets you see invisible.
   Will:      It increases your willpower.
Magical Staves
 u - a staff of air (weapon)
Jewellery
 a - the ring "Gidyzosk" {rPois AC+4}
   (You found it in the Desolation of Salt)

   [ring of protection]

   AC:        It affects your AC (+4).
   rPois:     It protects you from poison.
 h - the ring "Ocvodd" {rF+ Dex+5}
   (You took it off a deep elf pyromancer on level 3 of the Elven Halls)

   [ring of protection from fire]

   Dex:       It affects your dexterity (+5).
   rF:        It protects you from fire.
 l - a ring of wizardry
 p - the ring of Rokkam {Fly rElec rCorr Dex+3}
   (You found it on level 5 of a ziggurat)

   [ring of flight]

   Dex:       It affects your dexterity (+3).
   rElec:     It insulates you from electricity.
   Fly:       It grants you flight.
   rCorr:     It protects you from acid and corrosion.
 t - the ring of Udumus (right claw) {rN+ MP+9 Int+4 Slay+3 SInv}
   (You found it in the Desolation of Salt)

   [ring of positive energy]

   Int:       It affects your intelligence (+4).
   Slay:      It affects your accuracy & damage with ranged weapons and melee
   (+3).
   rN:        It protects you from negative energy.
   MP:        It affects your magic capacity (+9).
   SInv:      It lets you see invisible.
 A - the ring "Zahaloomm" {Fly Int+7}
   (You found it on level 16 of a ziggurat)

   [ring of flight]

   Int:       It affects your intelligence (+7).
   Fly:       It grants you flight.
 D - the amulet of Vitality {Regen+ HP+15}
   (You bought it in a shop on level 4 of the Snake Pit)

   [amulet of regeneration]

   HP:        It affects your health (+15).
   Regen:     It increases your rate of health regeneration.
 I - the ring "Qainoi" (left claw) {MP+9 Int+6}
   (You found it in the Desolation of Salt)

   [ring of magical power]

   Int:       It affects your intelligence (+6).
   MP:        It affects your magic capacity (+9).
 M - the ring of Shadows {Umbra +Inv Stlth+}
   (You found it on level 17 of a ziggurat)

   [ring of stealth]

   It surrounds you with an aura of shadow, increasing your stealth and reducing
   the accuracy of all within it (including the wearer).
   +Inv:      It lets you turn invisible.
   Stlth:     It makes you more stealthy.
 T - the amulet "Zucvose" (around neck) {Acrobat rF+ rC+ Slay+4 Stlth-}
   (You took it off a deep elf pyromancer on level 3 of the Elven Halls)

   [amulet of the acrobat]

   It increases your evasion while moving and waiting.
   Slay:      It affects your accuracy & damage with ranged weapons and melee
   (+4).
   rF:        It protects you from fire.
   rC:        It protects you from cold.
   Stlth:     It makes you less stealthy.
 V - the amulet of the Four Winds {rN+ Will+++ Clar}
   (You took it off a deep elf high priest on level 4 of the Depths)

   [amulet of nothing]

   rN:        It protects you from negative energy.
   Clar:      It protects you against confusion.
   Will:      It greatly increases your willpower.
Wands
 f - a wand of digging (33)
 N - a wand of acid (28)
Scrolls
 c - 40 scrolls of identify
 d - 8 scrolls of fear
 g - 9 scrolls of immolation
 i - 2 scrolls of blinking
 n - 17 scrolls of magic mapping
 o - 19 scrolls of teleportation
 x - 3 scrolls of fog
 z - a scroll of summoning
 J - 6 scrolls of amnesia
 P - 6 scrolls of holy word
 Q - 8 scrolls of enchant armour
Potions
 b - 21 potions of curing
 e - 9 potions of flight
 q - 5 potions of invisibility
 E - 9 potions of lignification
 H - 3 potions of cancellation
 L - 7 potions of attraction
 O - 6 potions of mutation
 R - 5 potions of heal wounds
 W - 7 potions of magic
 X - 3 potions of might
 Y - 9 potions of brilliance
 Z - a potion of resistance
Miscellaneous
 r - a condenser vane


   Skills:
 - Level 19.0 Fighting
 - Level 8.2 Armour
 - Level 11.2 Dodging
 - Level 2.7 Stealth
 - Level 15.0 Shields
 - Level 23.1 Unarmed Combat
 - Level 12.5 Spellcasting
 - Level 10.8 Necromancy
 - Level 11.0 Translocations
 - Level 16.5 Transmutations
 - Level 5.0 Ice Magic
 - Level 10.0 Air Magic
 - Level 12.9 Invocations
 + Level 0.3 Evocations


You had one spell level left.
You knew the following spells:

 Your Spells              Type           Power      Damage    Failure   Level
g - Sublimation of Blood  Necr           41%        N/A       1%          2
h - Passage of Golubria   Tloc           N/A        N/A       1%          4
o - Ozocubu's Armour      Ice            59%        N/A       1%          3
A - Apportation           Tloc           100%       N/A       1%          1
D - Dragon Form           Tmut           50%        N/A       1%          7
M - Manifold Assault      Tloc           84%        N/A       1%          5
P - Silence               Hex/Air        38%        N/A       5%          5
Q - Necromutation         Tmut/Necr      46%        N/A       36%         8
R - Storm Form            Tmut/Air       56%        N/A       5%          7
S - Wereblood             Tmut           100%       N/A       0%          2
T - Statue Form           Tmut/Erth      48%        N/A       8%          6

Your spell library contained the following spells:

 Spells                   Type           Power      Damage    Failure   Level
 Beastly Appendage        Tmut           100%       N/A       0%          1
 Animate Skeleton         Necr           100%       N/A       1%          1
 Corona                   Hex            26%        N/A       1%          1
 Foxfire                  Conj/Fire      96%        2x1d8     1%          1
 Freeze                   Ice            100%       1d11      1%          1
 Magic Dart               Conj           96%        1d7       1%          1
 Pain                     Necr           100%       1d9       1%          1
 Sandblast                Erth           48%        2d12      1%          1
 Shock                    Conj/Air       100%       1d9       1%          1
 Sting                    Tmut/Pois      100%       1d8       1%          1
 Summon Small Mammal      Summ           96%        N/A       1%          1
 Blink                    Tloc           N/A        N/A       1%          2
 Corpse Rot               Necr/Air       N/A        N/A       1%          2
 Ensorcelled Hibernation  Hex/Ice        88%        N/A       1%          2
 Passwall                 Tmut/Erth      60%        N/A       1%          2
 Poisonous Vapours        Pois/Air       100%       N/A       1%          2
 Static Discharge         Conj/Air       76%        N/A       1%          2
 Frozen Ramparts          Ice            100%       1d12      1%          3
 Gell's Gravitas          Tloc           42%        N/A       1%          3
 Ignite Poison            Fire/Tmut/Pois 61%        N/A       1%          3
 Mephitic Cloud           Conj/Pois/Air  66%        N/A       1%          3
 Spider Form              Tmut/Pois      36%        N/A       1%          3
 Swiftness                Air            100%       N/A       1%          3
 Teleport Other           Tloc           84%        N/A       1%          3
 Vampiric Draining        Necr           41%        2d11      1%          3
 Airstrike                Air            50%        N/A       1%          4
 Animate Dead             Necr           41%        N/A       1%          4
 Dispel Undead            Necr           83%        3d27      1%          4
 Ice Form                 Ice/Tmut       83%        N/A       1%          4
 Petrify                  Tmut/Erth      73%        N/A       1%          4
 Summon Lightning Spire   Summ/Air       76%        N/A       1%          4
 Alistair's Intoxication  Tmut/Pois      48%        N/A       1%          5
 Blade Hands              Tmut           50%        N/A       1%          5
 Irradiate                Conj/Tmut      36%        3d26      1%          5
 Call Imp                 Summ           24%        N/A       2%          2
 Searing Ray              Conj           48%        3d5       2%          2
 Death Channel            Necr           41%        N/A       2%          6
 Dispersal                Tloc           42%        N/A       2%          6
 Call Canine Familiar     Summ           24%        N/A       4%          3
 Conjure Flame            Conj/Fire      24%        6-21      4%          3
 Dazzling Flash           Conj/Hex       48%        N/A       4%          3
 Inner Flame              Hex/Fire       24%        N/A       4%          3
 Stone Arrow              Conj/Erth      48%        3d10      4%          3
 Summon Guardian Golem    Hex/Summ       24%        N/A       4%          3
 Tukima's Dance           Hex            24%        N/A       4%          3
 Borgnjor's Vile Clutch   Necr/Erth      30%        N/A       4%          5
 Summon Forest            Summ/Tloc      30%        N/A       4%          5
 Hailstorm                Conj/Ice       44%        3d10      5%          4
 Summon Ice Beast         Ice/Summ       44%        N/A       5%          4
 Freezing Cloud           Conj/Ice/Air   38%        6-21      5%          5
 Lightning Bolt           Conj/Air       38%        1d56      5%          5
 Eringya's Noxious Bog    Tmut/Pois      36%        N/A       8%          6
 Simulacrum               Ice/Necr       36%        N/A       10%         6
 Cause Fear               Hex            12%        N/A       16%         4
 Fulminant Prism          Conj/Hex       12%        3d9       16%         4
 Leda's Liquefaction      Hex/Erth       12%        N/A       16%         4
 Olgreb's Toxic Radiance  Pois           24%        N/A       16%         4
 Metabolic Englaciation   Hex/Ice        22%        N/A       16%         5
 Conjure Ball Lightning   Conj/Air       38%        3x3d12    30%         6
 Bolt of Magma            Conj/Fire/Erth 12%        4d8       41%         5
 Fireball                 Conj/Fire      12%        3d7       41%         5
 Iskenderun's Battlesphe  Conj           24%        2d8       41%         5
 Lee's Rapid Deconstruct  Erth           12%        3d9*      41%         5
 Summon Mana Viper        Hex/Summ       24%        N/A       41%         5
 Disjunction              Tloc           42%        N/A       75%         8
 Borgnjor's Revivificati  Necr           41%        N/A       77%         8
 Infestation              Necr           41%        N/A       77%         8
 Malign Gateway           Summ/Tloc      30%        N/A       80%         7
 Haunt                    Necr/Summ      30%        N/A       82%         7
 Maxwell's Capacitive Co  Air            50%        ∞         86%         8
 Shadow Creatures         Summ           N/A        N/A       94%         6
 Monstrous Menagerie      Summ           12%        N/A       100%        7
 Orb of Destruction       Conj           12%        9d6       100%        7
 Spellforged Servitor     Conj/Summ      12%        N/A       100%        7
 Summon Hydra             Summ           12%        N/A       100%        7
 Discord                  Hex            12%        N/A       100%        8
 Lehudib's Crystal Spear  Conj/Erth      12%        10d4      100%        8
 Summon Horrible Things   Summ           12%        N/A       100%        8
 Death's Door             Necr           41%        N/A       100%        9
 Dragon's Call            Summ           12%        N/A       100%        9
 Polar Vortex             Ice            29%        N/A       100%        9
 Shatter                  Erth           12%        3d13*     100%        9


Dungeon Overview and Level Annotations

Branches:
Dungeon (15/15)            Temple (1/1) D:6            Lair (6/6) D:8
  Swamp (4/4) Lair:2        Snake (4/4) Lair:4        Slime (0/5) Lair:5
    Orc (2/2) D:11            Elf (3/3) Orc:2        Vaults (5/5) D:14
  Crypt (1/3) Vaults:3     Depths (5/5) D:15            Zot (0/5) Depths:5
Desolation (visited)

Altars:
Ashenzari
Cheibriados
Dithmenos
Elyvilon
Fedhas
Gozag
Hepliaklqana
Kikubaaqudgha
Makhleb
Nemelex Xobeh
Okawaru
Qazlal
Ru
Sif Muna
Trog
Uskayaw
Vehumet
Wu Jian
Xom
Yredelemnul
Zin
The Shining One
Beogh
Jiyva
Lugonu

Shops:
Orc:1 (   Orc:2 [(*=   Elf:2 (   Elf:3 *   Snake:4 ==:   Vaults:5 (
Depths:2 [!*=   Depths:3 !

Portals:
Hell: Lair:6 Depths:1 Depths:2 Depths:3 Depths:4 Depths:5
Abyss: Depths:3 Depths:4
Pandemonium: Depths:3

Annotations:
D:4 3 runed translucent doors, Caestello's ghost, amateur HOMo; Gerakis's ghost, amateur TrFi
D:15 3 runed translucent doors, Liploats's ghost, journeyman DDFi; Selrock's ghost, journeyman MfBe
Lair:5 1 runed translucent door
Elf:2 3 runed translucent doors


Innate Abilities, Weirdness & Mutations

You are too large for most types of armour.
You have claws for hands.
Your natural rate of healing is unusually fast.
You are covered in fur. (AC +1)
You have tough skin. (AC +1)


Message History

Unknown command.
Unknown command.
Unknown command.
Unknown command.
Unknown command.
Unknown command.
Unknown command.
Unknown command.
Unknown command.
Unknown command.
Unknown command.
Unknown command.
Blink to where?
Press: ? - help, Dir - move target, f - you, p - sphinx zombie
Okay, then.
Unknown command.
Unknown command.
Okay, then.
Unknown command.
Okay, then.
Okay, then.
Unknown command.
Press: ? - help, v - describe, . - travel, g - get item
Here: a juggernaut zombie (lightly damaged, dazed) Item here: a runed whip.
The floor.
Unknown command.
Unknown command.
Okay, then.
Unknown command.
Blink to where?
Press: ? - help, Dir - move target, p - sphinx zombie
As you read the scroll of blinking, it crumbles to dust.
The caustic shrike zombie is lost in a daze.
The hellion is lost in a daze.
The reaper is lost in a daze.
The spriggan defender zombie is lost in a daze.
The tengu reaver zombie is lost in a daze.
The rust devil is lost in a daze.
The tormentor is lost in a daze.
The iron giant throws the reaper at you!
You die...

▓▓ .. ..▓ ..
.........▓▓ ..
..........▓▓ ..
...........▓▓ ..
.....#.....}▓▓ ..
........Z.Z}}▓▓ ..
.......2ZZZ24@▓▓
...........4.Z}2Z2▓
.........29C2ZZDZ▓▓
..........Z4W42)▓▓
..#....4#92z2Z)▓▓
.........2242Z▓▓
..........4Z.▓▓
..§.........▓▓
.......^...▓▓


You could see an iron giant, an iron dragon, 6 reapers, a skeletal warrior
(dazed), a flayed ghost (dazed), 2 war gargoyles, an ice devil (dazed), 5 rust
devils, 3 hellions, 3 tormentors, an iron dragon zombie (dazed), a golden dragon
zombie, a sphinx zombie (dazed), a deep elf high priest zombie (dazed), a deep
elf sorcerer zombie (dazed), 2 spriggan defender zombies, 2 titan zombies, a
tengu reaver zombie (dazed), 3 caustic shrike zombies and a juggernaut zombie
(dazed).

Vanquished Creatures
  A pandemonium lord (Zig:14)
  3 dread liches
  5 ancient liches
  Mara (Vaults:2)
  3 juggernauts
  Boris (Depths:5)
  7 royal mummies (Zig:18)
  3 Killer Klowns
  the Lernaean hydra (Swamp:4)
  Frederick (Vaults:4)
  Margery (Depths:3)
  Vashnia (Snake:4)
  2 caustic shrikes (Depths:4)
  Saint Roka (Orc:2)
  Xtahua (Depths:5)
  5 golden dragons
  2 bone dragons
  3 Brimstone Fiends (Zig:14)
  A Tzitzimitl (Zig:14)
  Rupert (Lair:3)
  2 hellephants
  12 tentacled monstrosities
  A Hell Sentinel (Zig:14)
  Asterion (Snake:3)
  9 liches
  4 titans
  4 deep elf blademasters
  A quicksilver dragon (Depths:5)
  7 deep elf master archers
  11 tentacled starspawn
  8 sphinxes
  An Executioner (Zig:14)
  5 ancient champions
  2 thorn hunters
  9 tengu reavers
  10 shadow dragons
  2 draconian monks
  4 storm dragons
  A fenstrider witch (Swamp:4)
  Donald (Swamp:3)
  10 nagarajas
  5 revenants
  15 frost giants
  11 fire giants
  A draconian knight (Depths:5)
  Aizul (Swamp:1)
  11 deep elf sorcerers
  A blood saint (Zig:14)
  5 imperial myrmidons (Desolation)
  2 draconian shifters (Depths:5)
  5 iron dragons
  21 vault wardens
  A curse skull (Zig:17)
  11 ghost moths
  2 draconian scorchers (Depths:5)
  6 emperor scorpions
  A caustic shrike zombie (Zig:18)
  2 warmongers (Zig:14)
  An orc warlord (Orc:2)
  4 draconian stormcallers (Depths:5)
  3 balrugs
  2 draconian annihilators (Depths:5)
  2 ghouls (Zig:17)
  8 deep elf elementalists
  2 spriggan defenders
  25 ironbound preservers
  6 war gargoyles
  3 reapers
  27 very ugly things
  Nessos (Lair:5)
  19 stone giants
  2 bennus (Zig:18)
  5 vampire knights
  9 deep elf demonologists
  10 deep elf annihilators
  A dire elephant (shapeshifter) (Depths:2)
  6 purple draconians
  3 corrupters (Zig:14)
  A green draconian (Depths:5)
  3 black suns (Zig:14)
  4 entropy weavers
  A halazid warlock (Desolation)
  2 red draconians
  13 spark wasps
  2 white draconians (Depths:5)
  A black draconian (Depths:5)
  4 yellow draconians (Depths:5)
  15 dire elephants
  3 bunyips
  4 crystal guardians
  2 blizzard demons
  9 deep elf death magi
  8 merfolk javelineers
  2 eleionomae (Swamp:4)
  2 merfolk impalers (Zig:15)
  6 eidola
  A green death (Abyss:3)
  17 ettins
  9 mummy priests (Zig:18)
  10 ragged hierophants
  A monstrous demonspawn (Zig:14)
  A quicksilver dragon zombie (Zig:18)
  6 fire dragons
  9 great orbs of eyes
  22 yaktaur captains
  13 servants of whispers (Desolation)
  44 vault guards
  10 deep elf high priests
  A shambling mangrove (Swamp:3)
  13 naga warriors
  A boulder beetle (shapeshifter) (Depths:3)
  19 hydras
  6 rakshasas
  4 salamander tyrants
  4 boulder beetles
  An ice dragon (shapeshifter) (Depths:5)
  3 ogre magi
  A ghost crab (Swamp:2)
  14 centaur warriors
  7 spriggan air magi
  11 ice dragons
  9 ironbound thunderhulks
  15 peacekeepers
  8 ironbound frosthearts
  A satyr (shapeshifter) (Abyss:5)
  7 anacondas
  2 death knights
  2 merfolk aquamancers
  2 two-headed ogres (shapeshifter)
  20 dancing weapons
  4 catoblepae
  10 deep troll shamans
  A satyr (Zig:9)
  3 death scarabs (Zig:18)
  4 two-headed ogres
  17 alligators
  2 alligator snapping turtles
  6 hell hogs
  10 tengu warriors
  8 vampire magi
  8 hell knights
  5 ironbound beastmasters
  2 orc high priests
  7 deep troll earth magi
  3 thrashing horrors
  18 spriggans
  12 death yaks
  13 naga sharpshooters
  A titan zombie (Depths:4)
  9 shock serpents
  4 spriggan berserkers
  7 soul eaters
  Nergalle (Orc:2)
  A storm dragon zombie (Depths:4)
  7 wretched stars
  4 sun demons
  12 iron trolls
  12 deep elf knights
  An iron troll (shapeshifter) (Depths:4)
  A fire crab (shapeshifter) (Vaults:5)
  11 skeletal warriors
  A spatial maelstrom (Abyss:3)
  78 deep trolls
  2 shadow wraiths
  A golden dragon zombie (Depths:4)
  2 sixfirhies
  2 quicksilver dragon simulacra (Depths:5)
  5 goliath frogs
  3 salamander mystics
  5 spriggan druids
  An orange crystal statue (Zig:1)
  13 flayed ghosts
  2 bog bodies
  7 glowing orange brains
  11 deep elf archers
  3 sea snakes
  13 wizards
  19 swamp dragons
  6 orc knights
  3 naga ritualists
  8 phantasmal warriors
  4 harpies (Vaults:1)
  11 mana vipers
  An anaconda skeleton (Abyss:3)
  27 deep elf zephyrmancers
  28 ironbound convokers
  Pikel (D:5)
  9 necromancers
  3 obsidian statues (Zig:1)
  29 deep elf pyromancers
  5 wolf spiders
  An oklob plant (Swamp:2)
  2 stone giant zombies
  A frost giant zombie (D:15)
  A wolf spider (shapeshifter) (Zig:8)
  4 cyclopes
  An orb spider (Zig:5)
  44 ugly things
  2 orc sorcerers (Orc:2)
  A fire giant zombie (D:15)
  2 fauns (Zig:9)
  12 salamanders
  10 starcursed masses
  5 manticores
  A frost giant skeleton (Abyss:3)
  2 rust devils
  7 will-o-the-wisps
  2 moths of wrath
  2 stone giant skeletons
  8 elephants
  A molten gargoyle (Desolation)
  3 ice statues
  32 black mambas
  7 smoke demons
  22 cane toads
  10 apocalypse crabs
  23 naga magi
  A fire giant skeleton (Zig:6)
  22 guardian serpents
  3 torpor snails
  A water nymph (shapeshifter) (Vaults:5)
  A torpor snail (shapeshifter) (Zig:8)
  A spriggan skeleton (Zig:18)
  19 vault sentinels
  A black mamba (shapeshifter) (D:13)
  3 gargoyles
  A rime drake (shapeshifter) (D:15)
  A kobold demonologist (D:11)
  2 hellions (Zig:14)
  An unseen horror (shapeshifter) (Depths:3)
  3 orange demons (Lair:6)
  33 yaktaurs
  3 unseen horrors
  10 freezing wraiths
  An efreet (Abyss:3)
  8 rime drakes
  6 demonic crawlers
  5 tormentors
  20 komodo dragons
  6 tengu conjurers
  3 ice devils
  An anaconda simulacrum (Crypt:1)
  9 guardian mummies (Zig:18)
  2 hellwings
  4 ancient zymes
  5 trolls
  2 bloated husks
  A harpy zombie (Crypt:1)
  3 red devils
  25 large abominations
  A wind drake (Zig:16)
  3 meliai (D:15)
  8 tyrant leeches
  5 jumping spiders (Zig:13)
  19 hornets
  A shadow dragon simulacrum (Crypt:1)
  80 saltlings
  5 raiju
  38 blink frogs
  28 slime creatures
  A hornet (shapeshifter) (D:14)
  An ice dragon zombie (Crypt:1)
  A fire dragon zombie (Crypt:1)
  12 water elementals
  An ice dragon skeleton (Abyss:3)
  8 tarantellas
  7 redbacks
  7 flying skulls
  A vampire (D:11)
  A wraith (D:11)
  4 air elementals
  A ynoxinul (Depths:3)
  8 wyverns
  A human (D:9)
  A tarantella (shapeshifter) (Vaults:3)
  4 ushabtiu (Zig:18)
  3 fire elementals
  An elf simulacrum (Depths:4)
  57 yaks
  An elf skeleton (Zig:18)
  A fire bat (shapeshifter) (Depths:4)
  A steam dragon (D:8)
  6 chaos spawn
  3 basilisks
  A golden eye (shapeshifter) (Elf:3)
  4 hogs (D:9)
  10 vampire mosquitoes (D:12)
  A neqoxec (Abyss:5)
  3 wargs
  36 nagas
  A swamp worm (shapeshifter) (Vaults:5)
  9 swamp worms
  2 spatial vortices (Abyss:3)
  5 hell hounds
  18 water moccasins
  26 orc warriors
  4 ettin simulacra (Depths:5)
  An ice beast (shapeshifter) (Elf:3)
  7 swamp drakes
  14 small abominations
  A cane toad skeleton (Crypt:1)
  6 ice beasts
  3 black bears
  13 ogres
  7 boggarts
  15 wolves
  8 centaurs
  A kobold brigand (D:9)
  Blork the orc (Orc:2)
  8 bullfrogs
  A gnoll sergeant (D:5)
  4 scorpions
  7 earth elementals
  13 wights
  8 killer bees (D:8)
  2 electric eels (Snake:1)
  3 howler monkeys
  2 bullfrog zombies
  7 centaur zombies
  2 hounds
  A quasit (Abyss:3)
  2 centaur skeletons (D:4)
  16 orc priests
  3 iron imps
  3 jellies
  A scorpion zombie (D:5)
  Jessica (D:2)
  4 iguanas
  29 orc wizards
  8 hell rats
  18 mummies
  A hound skeleton (D:4)
  A howler monkey zombie (D:5)
  A gnoll (shapeshifter) (Vaults:4)
  12 gnolls
  3 adders
  12 river rats (Lair:2)
  2 white imps
  2 ufetubi
  An adder skeleton (D:4)
  A worm (D:2)
  A dart slug (D:1)
  82 orcs
  2 endoplasms
  2 giant cockroaches (D:4)
  7 goblins
  7 hobgoblins
  5 jackals (D:2)
  A quokka (D:2)
  6 ball pythons
  A ball python skeleton (Crypt:1)
  4 bats
  5 frilled lizards
  11 kobolds
  9 rats
  11 starspawn tentacles
2535 creatures vanquished.

Vanquished Creatures (others)
  A frost giant (Depths:5)
  An emperor scorpion (Zig:15)
  An alligator (Swamp:2)
  A deep troll (Depths:4)
  A large abomination (Abyss:3)
  5 dream sheep (D:10)
  2 fire bats (Abyss:3)
  A small abomination (Abyss:3)
  An orc wizard (D:15)
  A kobold (D:9)
  9 bushes (Abyss:3)
  12 demonic plants (Abyss:3)
  10 foxfires
  28 fungi
  34 plants
  25 starspawn tentacles
  4 toadstools (D:3)
  6 withered plants (D:15)
143 creatures vanquished.

Grand Total: 2678 creatures vanquished

Notes
Turn   | Place    | Note
-------+----------+-------------------------------------------
     0 | D:5      | comborobin the Troll Delver began the quest for the Orb.
     0 | D:5      | Reached XP level 1. HP: 22/22 MP: 0/0
    16 | D:5      | Reached XP level 2. HP: 29/29 MP: 1/1
    68 | D:5      | Noticed a scorpion
    80 | D:5      | Killed a scorpion
    81 | D:5      | Reached skill level 4 in Unarmed Combat
    81 | D:5      | Reached XP level 3. HP: 5/36 MP: 2/2
   317 | D:5      | Noticed a gnoll sergeant
   359 | D:6      | Noticed a centaur
   422 | D:5      | Reached XP level 4. HP: 34/44 MP: 3/3
   558 | D:6      | Killed a centaur
   559 | D:6      | Reached skill level 5 in Unarmed Combat
   559 | D:6      | Reached XP level 5. HP: 41/50 MP: 4/4
   601 | D:6      | Reached skill level 6 in Unarmed Combat
   633 | D:6      | Noticed an ice beast
   634 | D:6      | Noticed a black bear
   635 | D:6      | Found a staircase to the Ecumenical Temple.
   645 | D:6      | Killed a black bear
   646 | D:6      | Reached XP level 6. HP: 37/59 MP: 5/5
   666 | D:6      | Killed an ice beast
   667 | D:6      | Reached skill level 7 in Unarmed Combat
   709 | Temple   | Entered the Ecumenical Temple
   716 | Temple   | Became a worshipper of Cheibriados the Contemplative
   815 | D:6      | Reached XP level 7. HP: 57/66 MP: 6/6
   857 | D:6      | Reached skill level 8 in Unarmed Combat
   953 | D:6      | Reached skill level 9 in Unarmed Combat
  1023 | D:6      | Reached XP level 8. HP: 57/74 MP: 7/7
  1658 | D:5      | Reached * piety under Cheibriados
  1719 | D:5      | Reached skill level 10 in Unarmed Combat
  1950 | D:5      | Noticed Pikel
  1967 | D:5      | Killed Pikel
  1968 | D:5      | Reached skill level 11 in Unarmed Combat
  2310 | D:4      | Found a runed translucent gate.
  2310 | D:4      | Found a runed translucent gate.
  2310 | D:4      | Found a runed translucent gate.
  2311 | D:4      | Noticed Caestello's ghost (amateur HOMo)
  2312 | D:4      | Noticed Gerakis's ghost (amateur TrFi)
  2382 | D:3      | Reached XP level 9. HP: 20/80 MP: 8/8
  2398 | D:3      | Reached ** piety under Cheibriados
  2568 | D:3      | Found a bloodstained altar of Trog.
  2602 | D:2      | Noticed Jessica
  2606 | D:2      | Killed Jessica
  2874 | D:1      | Found a faded altar of an unknown god.
  2881 | D:1      | Got Plato's Papyrus of Bewitchment
  3136 | D:1      | You fall into a shaft and drop 1 floor!
  3348 | D:2      | Reached *** piety under Cheibriados
  4261 | D:4      | Reached **** piety under Cheibriados
  4989 | D:7      | Reached skill level 1 in Shields
  5458 | D:8      | Found a staircase to the Lair.
  5518 | D:8      | Reached ***** piety under Cheibriados
  5637 | D:8      | Reached skill level 5 in Shields
  5637 | D:8      | Reached XP level 10. HP: 87/88 MP: 9/9
  5991 | D:9      | Reached skill level 1 in Invocations
  6051 | D:9      | Found a basalt altar of Yredelemnul.
  6055 | D:9      | Found a sparkling altar of Nemelex Xobeh.
  6065 | D:9      | Found a hazy altar of Hepliaklqana.
  6067 | D:9      | Found a burning altar of Makhleb.
  6070 | D:9      | Found a stormy altar of Qazlal.
  6096 | D:9      | Noticed a centaur warrior
  6107 | D:9      | Killed a centaur warrior
  6108 | D:9      | Reached skill level 5 in Dodging
  6108 | D:9      | Reached skill level 12 in Unarmed Combat
  6140 | D:10     | Entered Level 10 of the Dungeon
  6387 | D:10     | Noticed a two-headed ogre
  6391 | D:10     | Killed a two-headed ogre
  6534 | D:10     | Reached XP level 11. HP: 97/98 MP: 12/12
  6709 | D:10     | Found a shimmering altar of Xom.
  7338 | D:11     | Reached ****** piety under Cheibriados
  7500 | D:11     | Noticed a four-headed hydra
  7506 | D:11     | Killed a four-headed hydra
  7507 | D:11     | Reached skill level 13 in Unarmed Combat
  7603 | D:11     | Found a staircase to the Orcish Mines.
  7728 | D:11     | Reached skill level 5 in Fighting
  8139 | D:9      | Noticed a deep elf pyromancer
  8145 | D:9      | Killed a deep elf pyromancer
  8558 | D:12     | Reached skill level 5 in Invocations
  8592 | D:12     | Reached XP level 12. HP: 96/114 MP: 13/15
  8611 | D:12     | Learned a level 5 spell: Manifold Assault
  8932 | D:12     | Reached skill level 1 in Translocations
  9072 | D:12     | Found a shimmering altar of Xom.
  9072 | D:12     | Found the +7 mace of Variability {chain chaos}
  9305 | D:13     | Noticed a two-headed ogre
  9305 | D:13     | Noticed a two-headed ogre
  9306 | D:13     | Noticed an ogre mage
  9311 | D:13     | Killed a two-headed ogre
  9312 | D:13     | Reached skill level 1 in Spellcasting
  9312 | D:13     | Killed an ogre mage
  9315 | D:13     | Killed a two-headed ogre
  9419 | D:13     | Noticed a centaur warrior
  9423 | D:13     | Killed a centaur warrior
  9555 | D:13     | Noticed a boulder beetle
  9567 | D:13     | Killed a boulder beetle
  9685 | D:13     | Noticed a six-headed hydra
  9696 | D:13     | Killed a seven-headed hydra
  9850 | D:13     | Noticed a centaur warrior
  9860 | D:13     | Killed a centaur warrior
 10142 | D:14     | Noticed a death knight
 10171 | D:14     | Noticed a two-headed ogre
 10182 | D:14     | Killed a two-headed ogre
 10226 | D:14     | Found a gate to the Vaults.
 10559 | D:14     | Reached XP level 13. HP: 102/117 MP: 16/16
 10642 | D:14     | Found a frozen archway.
 11055 | D:14     | Noticed a fire dragon
 11078 | D:14     | Killed a fire dragon
 11338 | Lair:1   | Entered Level 1 of the Lair of Beasts
 11478 | Orc:1    | Entered Level 1 of the Orcish Mines
 11487 | Orc:2    | Entered Level 2 of the Orcish Mines
 11698 | Orc:1    | Found Fiuv's Antique Weapon Shop.
 11904 | Orc:2    | Noticed Saint Roka
 11977 | Orc:1    | Learned a level 7 spell: Dragon Form
 12003 | Orc:2    | Noticed an ettin
 12013 | Orc:2    | Killed an ettin
 12055 | Orc:2    | Reached XP level 14. HP: 133/133 MP: 17/17
 12403 | Orc:2    | Killed Saint Roka
 12476 | Orc:2    | Noticed an orc warlord
 12476 | Orc:2    | Noticed Nergalle
 12488 | Orc:2    | Killed an orc warlord
 12491 | Orc:2    | Killed Nergalle
 12492 | Orc:2    | Reached skill level 10 in Shields
 12492 | Orc:2    | Reached skill level 5 in Translocations
 12553 | Orc:2    | Noticed Blork the orc
 12559 | Orc:2    | Killed Blork the orc
 12628 | Orc:2    | Found Lempour's Jewellery Shop.
 12658 | Orc:2    | Found Wuniffi's Antique Weapon Shop.
 12676 | Orc:2    | Found Camp's Antique Armour Shop.
 12691 | Orc:2    | Found Fyisy's General Store.
 12825 | Orc:2    | Found a staircase to the Elven Halls.
 13735 | Lair:1   | Reached skill level 14 in Unarmed Combat
 14377 | Lair:2   | Found an iron altar of Okawaru.
 14477 | Lair:2   | Reached XP level 15. HP: 143/143 MP: 19/19
 14487 | Lair:2   | Found a staircase to the Swamp.
 14962 | Lair:3   | Reached skill level 5 in Transmutations
 15555 | Lair:3   | Noticed Rupert
 15566 | Lair:3   | Killed Rupert
 15848 | Lair:4   | Found a staircase to the Snake Pit.
 16687 | Lair:5   | Learned a level 2 spell: Blink
 17099 | Lair:5   | Noticed Nessos
 17102 | Lair:5   | Killed Nessos
 17145 | Lair:5   | Found a runed translucent door.
 17145 | Lair:5   | Found a viscous altar of Jiyva.
 17145 | Lair:5   | Found a staircase to the Slime Pits.
 17145 | Lair:5   | Noticed an azure jelly
 17685 | Lair:6   | Entered Level 6 of the Lair of Beasts
 18408 | Lair:6   | Identified the +1 leather armour "Zungieng" {Regen+}
 18588 | Lair:6   | Reached XP level 16. HP: 152/152 MP: 22/22
 18734 | Lair:6   | Found a burning altar of Makhleb.
 18911 | Lair:6   | Reached skill level 5 in Spellcasting
 19072 | Lair:6   | Found a gateway to Hell.
 20070 | D:15     | Entered Level 15 of the Dungeon
 20190 | D:14     | Learned a level 2 spell: Sublimation of Blood
 21006 | D:15     | Found a staircase to the Depths.
 21225 | D:15     | Found a runed translucent gate.
 21226 | D:15     | Found a runed translucent gate.
 21227 | D:15     | Found a runed translucent gate.
 21228 | D:15     | Noticed Selrock's ghost (journeyman MfBe)
 21228 | D:15     | Noticed Liploats's ghost (journeyman DDFi)
 21457 | D:15     | Found a stormy altar of Qazlal.
 21966 | Elf:1    | Entered Level 1 of the Elven Halls
 22057 | Elf:1    | Paralysed by an air elemental for 1 turns
 22189 | Elf:1    | Identified the +7 ice dragon scales of Iddael {rF- rC++
                  | Dex+3 Slay+2}
 22248 | Elf:1    | Reached skill level 10 in Transmutations
 22978 | Elf:1    | Cast into level 3 of the Abyss (a deep elf sorcerer)
 23076 | Abyss:3  | Identified a scroll of acquirement
 23077 | Abyss:3  | Acquired 843 gold pieces
 23083 | Abyss:3  | Learned a level 3 spell: Ozocubu's Armour
 23087 | Abyss:3  | Learned a level 3 spell: Frozen Ramparts
 23159 | Abyss:3  | Noticed a tentacled starspawn
 23169 | Abyss:3  | Killed a tentacled starspawn
 23423 | Abyss:3  | Noticed a tentacled starspawn
 23431 | Abyss:3  | Killed a tentacled starspawn
 23481 | Abyss:3  | Noticed a tentacled starspawn
 23496 | Abyss:3  | Killed a tentacled starspawn
 23497 | Abyss:3  | Reached XP level 17. HP: 158/158 MP: 23/23
 23598 | Elf:1    | Escaped the Abyss
 24191 | Elf:2    | Reached skill level 15 in Unarmed Combat
 24219 | Elf:2    | Found Sorasm's Antique Weapon Boutique.
 24413 | Elf:3    | Entered Level 3 of the Elven Halls
 24594 | Elf:3    | Reached skill level 1 in Necromancy
 24855 | Elf:3    | Paralysed by an air elemental for 1 turns
 25043 | Elf:3    | Noticed an iron giant
 25047 | Elf:3    | Noticed a caustic shrike
 25047 | Elf:3    | an iron giant changed into a caustic shrike
 25049 | Elf:3    | a caustic shrike changed into an iron dragon
 25051 | Elf:3    | Noticed a caustic shrike
 25051 | Elf:3    | an iron dragon changed into a caustic shrike
 25052 | Elf:3    | Noticed an acid blob
 25052 | Elf:3    | a caustic shrike changed into an acid blob
 25056 | Elf:3    | Noticed a golden dragon
 25056 | Elf:3    | an acid blob changed into a golden dragon
 25061 | Elf:3    | Noticed an acid blob
 25061 | Elf:3    | a golden dragon changed into an acid blob
 25167 | Elf:3    | Cast into level 2 of the Abyss (a deep elf sorcerer)
 25190 | Abyss:3  | Found a corrupted altar of Lugonu.
 25201 | Abyss:3  | Noticed a tentacled monstrosity
 25207 | Abyss:3  | Killed a tentacled monstrosity
 25486 | Abyss:3  | Noticed a dread lich
 25665 | Elf:3    | Escaped the Abyss
 26003 | Elf:3    | Reached skill level 5 in Necromancy
 26160 | Elf:3    | Noticed a Tzitzimitl
 26267 | Elf:3    | Identified the +5 dagger "Dewid" {vorpal, rN+}
 26267 | Elf:3    | Identified the +3 leather armour of the Mind {Dex+2}
 26267 | Elf:3    | Identified the amulet "Zucvose" {Acrobat rF+ rC+ Slay+4
                  | Stlth-}
 26282 | Elf:3    | Reached XP level 18. HP: 167/167 MP: 21/27
 26290 | Elf:3    | Identified the +1 robe of Impatience {Int+8 Slay-6}
 26293 | Elf:3    | Identified the ring "Ocvodd" {rF+ Dex+5}
 26553 | Elf:3    | Identified the ring "Vuley" {Fire Will+}
 26558 | Elf:3    | Noticed a Hell Sentinel
 26559 | Elf:3    | Reached skill level 10 in Fighting
 26663 | Elf:3    | Got the Tome of Sinister Arts
 26676 | Elf:3    | Learned a level 2 spell: Wereblood
 26716 | Elf:3    | Identified the +2 helmet of the Skies Above {rElec rPois}
 27044 | Elf:3    | Found Nelition's Assorted Antiques.
 27049 | Elf:3    | Bought a twisted brass amulet for 170 gold pieces
 27851 | Elf:2    | Found a runed translucent gate.
 27851 | Elf:2    | Found a runed translucent gate.
 27851 | Elf:2    | Found a runed translucent gate.
 28191 | Depths:1 | Entered Level 1 of the Depths
 28255 | Depths:1 | Noticed a lich
 28267 | D:15     | Killed a lich
 29178 | Depths:1 | Found a shimmering altar of Xom.
 29423 | Depths:2 | Found Beforo Jusm's Antique Armour Shop.
 29504 | Depths:2 | Reached XP level 19. HP: 182/182 MP: 8/28
 29544 | Depths:2 | You are sucked into a shaft and drop 2 floors!
 29547 | Depths:4 | Noticed a juggernaut
 29793 | Depths:4 | Killed a juggernaut
 30313 | Depths:2 | Identified the +0 robe of Hearghibi {Int+6}
 30624 | Depths:2 | Bought the +0 mask of the Dragon {Will+ Slay+3 SInv} for
                  | 668 gold pieces
 30624 | Depths:2 | Found the +0 mask of the Dragon {Will+ Slay+3 SInv}
 30700 | Depths:2 | Reached skill level 16 in Unarmed Combat
 30708 | Depths:2 | HP: 8/276 [frost giant/bolt of cold (48)]
 30857 | Depths:2 | Reached skill level 1 in Ice Magic
 30859 | Depths:2 | Noticed a juggernaut
 30862 | Depths:2 | Killed a juggernaut
 31191 | Depths:2 | Noticed a golden dragon
 31194 | Depths:2 | Killed a golden dragon
 31195 | Depths:2 | Reached XP level 20. HP: 193/193 MP: 24/30
 31415 | Depths:2 | Found Puown's General Store.
 31442 | Depths:2 | Found Litusaer's Jewellery Boutique.
 31494 | Depths:2 | Found a gateway to a ziggurat.
 31815 | Depths:2 | Found a hazy altar of Hepliaklqana.
 31840 | Depths:2 | Found Ystrem's Distillery.
 31848 | Depths:2 | Bought a potion of attraction for 60 gold pieces
 31848 | Depths:2 | Bought a potion of curing for 60 gold pieces
 31848 | Depths:2 | Bought a potion of curing for 60 gold pieces
 31848 | Depths:2 | Bought a potion of heal wounds for 100 gold pieces
 31848 | Depths:2 | Bought a potion of cancellation for 160 gold pieces
 31848 | Depths:2 | Bought a potion of curing for 60 gold pieces
 31856 | Depths:2 | Learned a level 7 spell: Storm Form
 31975 | Depths:3 | Noticed Margery
 32298 | Depths:3 | Found a one-way gate leading to the halls of Pandemonium.
 32301 | Depths:3 | Reached skill level 5 in Ice Magic
 32412 | Depths:3 | Killed Margery
 32471 | Depths:3 | Found an iron altar of Okawaru.
 32525 | Depths:3 | Found a one-way gate to the infinite horrors of the Abyss.
 33038 | Depths:3 | Found Geustreu's Distillery.
 33046 | Depths:3 | Bought a potion of mutation for 168 gold pieces
 33046 | Depths:3 | Bought a potion of curing for 63 gold pieces
 33046 | Depths:3 | Bought a potion of curing for 63 gold pieces
 33046 | Depths:3 | Bought a potion of curing for 63 gold pieces
 33046 | Depths:3 | Bought a potion of brilliance for 84 gold pieces
 33046 | Depths:3 | Bought a potion of brilliance for 84 gold pieces
 33046 | Depths:3 | Bought 2 potions of brilliance for 168 gold pieces
 33046 | Depths:3 | Bought a potion of heal wounds for 105 gold pieces
 33046 | Depths:3 | Bought a potion of heal wounds for 105 gold pieces
 33046 | Depths:3 | Bought a potion of curing for 63 gold pieces
 33992 | Swamp:1  | Entered Level 1 of the Swamp
 34002 | Swamp:1  | Noticed Aizul
 34007 | Swamp:1  | Killed Aizul
 34459 | Swamp:2  | Reached XP level 21. HP: 204/204 MP: 6/32
 35498 | Swamp:3  | Noticed Donald
 35500 | Swamp:3  | Killed Donald
 35513 | Swamp:4  | Entered Level 4 of the Swamp
 35516 | Swamp:4  | Reached skill level 17 in Unarmed Combat
 36033 | Swamp:4  | Noticed the 27-headed Lernaean hydra
 36040 | Swamp:4  | Killed the 26-headed Lernaean hydra
 36102 | Swamp:4  | Got a decaying rune of Zot
 37130 | Vaults:1 | Entered Level 1 of the Vaults
 37144 | Vaults:1 | Found the +4 Cigotuvi's embrace {rMiasma Drain rN+}
 37190 | Vaults:1 | Reached skill level 10 in Dodging
 37877 | Vaults:2 | Reached XP level 22. HP: 217/217 MP: 20/33
 37943 | Vaults:2 | Reached skill level 10 in Translocations
 37983 | Vaults:2 | Noticed Mara
 37988 | Vaults:2 | Killed Mara
 38872 | Vaults:3 | Got the Reference Book on Stolen Souls and Bewitchment
 39407 | Vaults:3 | Reached skill level 18 in Unarmed Combat
 39418 | Vaults:3 | Found a staircase to the Crypt.
 39425 | Crypt:1  | Entered Level 1 of the Crypt
 39627 | Vaults:3 | Found the +18 shield of the Gong {rElec rN+ Will+ EV-5}
 39907 | Vaults:3 | Reached skill level 10 in Invocations
 39961 | Vaults:4 | Reached XP level 23. HP: 227/227 MP: 28/35
 39964 | Vaults:4 | Reached skill level 15 in Transmutations
 40030 | Vaults:4 | Reached skill level 1 in Air Magic
 40151 | Vaults:4 | Found a crumbling gateway.
 40161 | Desolati | Entered the Desolation of Salt
 40255 | Desolati | Found the +10 tower shield of Ignorance {rN+ Int-4}
 40262 | Desolati | Identified the ring "Gidyzosk" {rPois AC+4}
 40349 | Desolati | Identified the +9 arbalest of Xuiqogog {freeze, Str-3
                  | Int+3}
 40382 | Desolati | Found the +13 scythe of Curses {drain, Drain}
 40387 | Desolati | Identified the ring of Udumus {rN+ MP+9 Int+4 Slay+3 SInv}
 40393 | Desolati | Got Fupsofiho's Collected Works on Feathers and
                  | Translocation
 40397 | Desolati | Learned a level 1 spell: Apportation
 40480 | Desolati | Reached skill level 5 in Air Magic
 40820 | Desolati | Identified the +3 shortbow "Winur" {freeze, Fragile Str+8}
 40832 | Desolati | Identified the ring "Qainoi" {MP+9 Int+6}
 41424 | Vaults:4 | Noticed Frederick
 41431 | Vaults:4 | Killed Frederick
 41928 | Vaults:4 | Reached skill level 1 in Armour
 41934 | Vaults:4 | Got Demuqi's Compendium of Weightlessness and Evil Arts
 42150 | Vaults:4 | Reached XP level 24. HP: 236/236 MP: 32/35
 42814 | Elf:3    | Bought a potion of cancellation for 272 gold pieces
 43108 | Depths:3 | Voluntarily entered the Abyss.
 43108 | Abyss:1  | Found a corrupted altar of Lugonu.
 43115 | Abyss:1  | Killed a dread lich
 43307 | Abyss:3  | Found a corrupted altar of Lugonu.
 43319 | Abyss:3  | Found a corrupted altar of Lugonu.
 43355 | Abyss:4  | Identified the +8 rapier of Ecleli {speed, rC+}
 43358 | Abyss:5  | Entered Level 5 of the Abyss
 43387 | Abyss:5  | Got an abyssal rune of Zot
 43450 | Depths:3 | Escaped the Abyss
 43525 | Depths:4 | Found a corrupted altar of Lugonu.
 43873 | Depths:4 | Learned a level 8 spell: Necromutation
 43882 | Depths:4 | Learned a level 4 spell: Ice Form
 44518 | Depths:4 | Reached skill level 5 in Armour
 44922 | Depths:5 | Entered Level 5 of the Depths
 45018 | Depths:5 | Found a radiant altar of Vehumet.
 45064 | Depths:5 | Reached XP level 25. HP: 244/244 MP: 30/35
 45207 | Depths:5 | Found a glowing golden altar of the Shining One.
 45267 | Depths:5 | Noticed Boris
 45271 | Depths:5 | Killed Boris
 45320 | Depths:5 | Noticed Xtahua
 45326 | Depths:5 | Killed Xtahua
 45327 | Depths:5 | Reached skill level 19 in Unarmed Combat
 45429 | Depths:5 | Found a sacrificial altar of Ru.
 45556 | Depths:5 | Found a gate to the Realm of Zot.
 45642 | Depths:5 | Found a shimmering blue altar of Sif Muna.
 46576 | Vaults:1 | Reached skill level 20 in Unarmed Combat
 47512 | Vaults:5 | Entered Level 5 of the Vaults
 47689 | Vaults:5 | Reached XP level 26. HP: 257/257 MP: 19/35
 47714 | Vaults:5 | Got a silver rune of Zot
 47763 | Vaults:5 | Noticed an ancient lich
 47771 | Vaults:5 | Killed an ancient lich
 47772 | Vaults:5 | Reached skill level 10 in Spellcasting
 47798 | Vaults:5 | Reached skill level 21 in Unarmed Combat
 47840 | Vaults:5 | Reached skill level 10 in Air Magic
 47858 | Vaults:5 | Identified the +1 troll leather armour "Moed" {rF+ Regen+}
 47864 | Vaults:5 | Identified the +5 rapier "Latza" {holy, rElec MP+9 Int+3}
 47864 | Vaults:5 | Identified the +1 plate armour of the Pits of Slime {Dex+3}
 47871 | Vaults:5 | Identified the +14 plate armour "Seumaux" {rPois Str+4
                  | Stlth+}
 47871 | Vaults:5 | Identified the amulet "Rutrud" {Spirit rPois Dex+3}
 47882 | Vaults:5 | Noticed a dread lich
 47883 | Vaults:5 | Reached skill level 15 in Fighting
 47910 | Vaults:5 | Identified the ring "Eniunk" {Int+6 Slay+4}
 47930 | Vaults:5 | Killed a dread lich
 48109 | Vaults:5 | Got the Guide on Calling
 48149 | Vaults:5 | Got the Guide on Attacks
 48281 | Vaults:5 | Noticed an ancient lich
 48282 | Vaults:5 | Killed an ancient lich
 48321 | Vaults:5 | Found Kurigh's Antique Weapon Shoppe.
 49779 | Snake:1  | Entered Level 1 of the Snake Pit
 50400 | Snake:1  | You are sucked into a shaft and drop 1 floor!
 50409 | Snake:2  | You are sucked into a shaft and drop 1 floor!
 50433 | Snake:3  | Noticed Asterion
 50439 | Snake:3  | Killed Asterion
 51105 | Snake:4  | Entered Level 4 of the Snake Pit
 51185 | Snake:4  | Reached XP level 27. HP: 280/280 MP: 36/36
 51281 | Snake:4  | Noticed Vashnia
 51284 | Snake:4  | Killed Vashnia
 51976 | Snake:4  | Found Pukots's Book Emporium.
 51976 | Snake:4  | Found Duykur's Jewellery Shop.
 51977 | Snake:4  | Found Nidaude's Jewellery Shop.
 51987 | Snake:4  | Bought the amulet of Vitality {Regen+ HP+15} for 1185 gold
                  | pieces
 51987 | Snake:4  | Found the amulet of Vitality {Regen+ HP+15}
 52509 | Snake:4  | Got a serpentine rune of Zot
 53538 | Snake:1  | You are sucked into a shaft and drop 1 floor!
 54140 | Depths:3 | Learned a level 5 spell: Summon Forest
 54282 | Zig:1    | Entered Level 1 of a ziggurat
 54284 | Zig:1    | Noticed a juggernaut
 54292 | Zig:1    | Killed a juggernaut
 54308 | Zig:2    | Entered Level 2 of a ziggurat
 54322 | Zig:2    | Identified the amulet of Dimn {Reflect Int-5 Dex+5 SH+5}
 54363 | Zig:3    | Entered Level 3 of a ziggurat
 54390 | Zig:4    | Entered Level 4 of a ziggurat
 54431 | Zig:4    | Learned a level 6 spell: Statue Form
 54463 | Zig:5    | Entered Level 5 of a ziggurat
 54484 | Zig:5    | Identified the ring of Rokkam {Fly rElec rCorr Dex+3}
 54544 | Zig:5    | Learned a level 4 spell: Passage of Golubria
 54546 | Zig:6    | Entered Level 6 of a ziggurat
 54558 | Zig:6    | Identified the +5 dagger "Dasch" {flame, rC+ rN++ rCorr}
 54663 | Zig:7    | Entered Level 7 of a ziggurat
 54670 | Zig:7    | Noticed a dread lich
 54671 | Zig:7    | Killed a dread lich
 54705 | Zig:7    | Learned a level 5 spell: Silence
 54723 | Zig:7    | Identified the +2 scale mail of Aqassih {Dex+4 SInv}
 54729 | Zig:8    | Entered Level 8 of a ziggurat
 54733 | Zig:8    | Found the necklace of Bloodlust {*Rage +Rage Will++ Int-3
                  | Slay+6}
 54794 | Zig:9    | Entered Level 9 of a ziggurat
 54802 | Zig:9    | Found the +8 autumn katana {vorpal, Clar}
 54802 | Zig:9    | Found the +2 ratskin cloak {*Rats rPois rN+ Str-1 Int-1
                  | Dex+1}
 54912 | Zig:10   | Entered Level 10 of a ziggurat
 54975 | Zig:11   | Entered Level 11 of a ziggurat
 55020 | Zig:11   | Got the Papyrus of the Cuttlefish
 55059 | Zig:12   | Entered Level 12 of a ziggurat
 55126 | Zig:12   | Got the Tome of the Tomato
 55132 | Zig:12   | Identified the +3 mace of the Several Artists {vorpal,
                  | *Corrode rN+ Str+3}
 55175 | Zig:12   | Learned a level 8 spell: Necromutation
 55182 | Zig:13   | Entered Level 13 of a ziggurat
 55190 | Zig:13   | Reached skill level 15 in Shields
 55216 | Zig:13   | Identified the +8 quarterstaff "Ogrebane" {freeze, rPois
                  | Will+ rCorr}
 55411 | Zig:14   | Entered Level 14 of a ziggurat
 55420 | Zig:14   | Noticed Netasoow the pandemonium lord
 55425 | Zig:14   | Reached skill level 22 in Unarmed Combat
 55428 | Zig:14   | Killed Netasoow the pandemonium lord
 55444 | Zig:14   | Identified the +4 hunting sling "Widowmaker" {venom,
                  | +Blink}
 55451 | Zig:14   | Identified the +5 battleaxe of Crawling {pain, rF- Int+4
                  | SInv}
 55467 | Zig:14   | Acquired 1060 gold pieces
 55474 | Zig:14   | Identified the +2 cloak "Ciumam" {Slay+3}
 55528 | Zig:15   | Entered Level 15 of a ziggurat
 55563 | Zig:15   | Identified the +2 chain mail of the Abyss {Harm rC- Slay-5
                  | SInv}
 55575 | Zig:15   | Identified the +4 pair of boots of Daffodils {Rampage rC+
                  | rN+ Dex-3}
 55579 | Zig:15   | Got the Tome of Changing and Earth
 55582 | Zig:15   | Identified the +1 robe "Gaotemyi" {-Cast rPois rF+ rC+}
 55586 | Zig:15   | Identified the +8 rapier of the Madman {speed, rN+++ Str+5}
 55695 | Zig:16   | Entered Level 16 of a ziggurat
 55745 | Zig:16   | Identified the ring "Zahaloomm" {Fly Int+7}
 55752 | Zig:16   | Identified the +6 hand axe "Dida" {elec, Fly rC+ rN+ Int+4}
 55954 | Zig:17   | Entered Level 17 of a ziggurat
 55960 | Zig:17   | Noticed an ancient lich
 55961 | Zig:17   | Noticed an ancient lich
 55965 | Zig:17   | Reached skill level 10 in Necromancy
 55966 | Zig:17   | Noticed an ancient lich
 55972 | Zig:17   | Killed an ancient lich
 55973 | Zig:17   | Killed an ancient lich
 55975 | Zig:17   | Killed an ancient lich
 55979 | Zig:17   | Found the ring of Shadows {Umbra +Inv Stlth+}
 55988 | Zig:17   | Identified the +2 scale mail of Inaction {Int+2}
 56079 | Zig:18   | Entered Level 18 of a ziggurat
 56082 | Zig:18   | Noticed a royal mummy
 56084 | Zig:18   | Noticed a royal mummy
 56087 | Zig:18   | Noticed a royal mummy
 56087 | Zig:18   | Noticed a royal mummy
 56087 | Zig:18   | Noticed a royal mummy
 56087 | Zig:18   | Noticed a royal mummy
 56087 | Zig:18   | Noticed a royal mummy
 56088 | Zig:18   | Found the +2 hood of the Assassin {Detection Stab+ Stlth++}
 56102 | Zig:18   | Killed a royal mummy
 56103 | Zig:18   | Killed a royal mummy
 56104 | Zig:18   | Killed a royal mummy
 56108 | Zig:18   | Killed a royal mummy
 56110 | Zig:18   | Reached skill level 23 in Unarmed Combat
 56111 | Zig:18   | Killed a royal mummy
 56112 | Zig:18   | Killed a royal mummy
 56113 | Zig:18   | HP: 9/287 [royal mummy (17)]
 56115 | Zig:18   | Killed a royal mummy
 56118 | Zig:18   | HP: 13/287 [torment (8)]
 56136 | Zig:18   | Identified the +8 hand axe of Soerit {drain, rPois MP-9
                  | Str+2}
 56143 | Zig:18   | Identified the ring "Qoaces" {rPois Will- Int+5 Dex+6 SInv}
 56311 | Zig:19   | Entered Level 19 of a ziggurat
 56320 | Zig:19   | HP: 9/278 [reaper (25)]
 56321 | Zig:19   | Hit by a reaper thrown by iron giant

Illustrated notes

Levels and vault maps discovered:
D:1:      saegor_arrival_simple_a, layout_basic,
          shapermc_ecumenical_altar_rom_forum
D:2:      layout_rooms, uniq_jessica
D:3:      layout_loops_ring, general_overflow_altar, minmay_gold_behind_fungi
D:4:      wander_river, layout_rooms, gammafunk_ghost_cemetery
D:5:      layout_basic, uniq_pikel
D:6:      layout_rooms, minmay_temple_entry_nine_rooms,
          chequers_serial_rivers_micro_d
D:7:      layout_loops_cross
D:8:      layout_rooms, lair_entry_dummy
D:9:      minmay_bloctagon_deflated, layout_rooms, minitemple, grunt_livestock
D:10:     layout_stronghold, kb_xom_exploding_sheep, grunt_ministairs_9
D:11:     layout_irregular_city, david_orc_2, nzn_life_drinkers
D:12:     layout_rooms, minivault_1, minmay_guarded_unrand_variability
D:13:     layout_basic
D:14:     layout_roguey, david_vaults_1, chequers_serial_rivers_small_b,
          portal_ice_cave_entry_ice_statue_two
D:15:     gammafunk_depths_entry_grave, layout_cave_pools,
          nicolae_qazlal_scattered_showers, gammafunk_ghost_cemetery,
          abandoned_shop
Temple:   nicolae_temple_no_exploring_needed
Lair:1:   layout_regular_city, gauntlet_entry_generic,
          chequers_serial_rivers_small_3
Lair:2:   layout_gridlike, swamp_mist, basic_altar, kennysheep_rathole,
          grunt_megastairs_1
Lair:3:   layout_misc_corridors, lemuel_fruit_fields, serial_bayou_shore_b,
          grunt_megastairs_4, serial_bayou_shore_b, uniq_rupert
Lair:4:   layout_regular_city, guppyfry_snake_entry_island,
          grunt_forest_small_clearing_treed
Lair:5:   layout_cave_pods, slime_altar_2, uniq_nessos
Lair:6:   evil_forest, layout_regular_city, minivault_19, st_stairs_9,
          grunt_megastairs_2
Swamp:1:  layout_basic_swamp, evilmike_swamp_ruin_house_6, uniq_aizul
Swamp:2:  layout_basic_swamp, evilmike_swamp_ruin_house_1,
          nicolae_swamp_oklob_treasure_island
Swamp:3:  layout_basic_swamp, nicolae_swamp_little_swirl, uniq_donald
Swamp:4:  swamp_old_school, layout_basic_swamp, infiniplex_staircase_pool
Snake:1:  layout_gridlike, serial_bayou_shore_a
Snake:2:  layout_misc_corridors, nicolae_snake_slithery_corners, drop_trap,
          nicolae_snake_serpentine_hallways, statue_in_the_mist_lemuel,
          st_stairs_4
Snake:3:  layout_honeycomb, guppyfry_library_mini, uniq_asterion
Snake:4:  grunt_snake_rune_serpentine_throne, layout_onion_interference,
          minmay_shop_grove
Orc:1:    layout_caves, serial_shops, shop
Orc:2:    grunt_orc_cross, layout_diamond_mine, mines1_david, uniq_saint_roka
Elf:1:    minmay_coctagon, layout_geoelf_octagon,
          hangedman_elven_crosses_minicolossus
Elf:2:    nicolae_elf_blades_splatter_lattice [nicolae_blade_entry_pointy_end],
          layout_loops_cross, serial_shops, nicolae_stop_n_shop_2
Elf:3:    minmay_elf_hall_four_x, layout_geoelf_grid, serial_shops, shop_statue
Vaults:1: grunt_vaults_swirl, v_misc_28, vaults_mumra_hex,
          layout_vaults_big_room
Vaults:2: vaults_room_grunt_arrival_checkpoint, v_alt_pattern_4,
          nicolae_vaults_network_square, nicolae_vaults_rhombus_5, st_diamondy,
          nicolae_vaults_network_s, nicolae_vaults_rhombus_7, v_rooms_3,
          v_misc_24, v_misc_4, ontoclasm_vaults_misaligned,
          ontoclasm_vaults_shuriken, vaults_room_corners, grunt_vaults_focal,
          layout_vaults_big_cross, uniq_mara
Vaults:3: hangedman_vaults_impose, v_pattern_2, vaults_standard_mumra_lines,
          minmay_crypt_entry_simple_box, hangedman_vaults_snaps,
          grunt_vaults_diagonal, vaults_dpeg_encased_lava, v_misc_22,
          dpeg_vaults_monster_row, hangedman_vaults_capsules,
          hellmonk_guarded_unrand_gong, vaults_room_pools,
          vaults_room_stairs_pillars, vaults_mumra_lcd, ontoclasm_vaults_chip,
          layout_vaults_ring
Vaults:4: v_pattern_5, hangedman_vaults_cutoff, v_alt_pattern_2,
          nicolae_vaults_holding_cells, nicolae_vaults_little_squares_4,
          v_alt_pattern_1, vaults_room_corners, vaults_dpeg_diagonal,
          vaults_room_fours, vaults_room_pools, ontoclasm_vaults_chip,
          layout_vaults_quadrants, portal_desolation_entry_salt, uniq_frederick
Vaults:5
Crypt:1:  layout_basic
Depths:1: gammafunk_mikee_crab_dinner, layout_cave_pools,
          hangedman_coc_ice_floe, xom_teletrap_fun
Depths:2: angbandy_vault, layout_basic, enter_ziggurat_e, serial_shops,
          nicolae_diamond_shop, shop, nicolae_shop_crystal, shop, hell_entry,
          nicolae_hepliaklqana_hippocampus, infiniplex_staircase_zigzag_5,
          serial_bayou_shore_b
Depths:3: thingy_vault, layout_gridlike, minmay_stone_trees_medium,
          minmay_room_of_horrors, grunt_pan_entry_in_and_out, serial_shops,
          nicolae_shop_crystal, hell_entry, okawaru_gym_becter,
          infiniplex_staircase_pool_2, serial_bayou_shore_b, uniq_margery
Depths:4: lemuel_traditional_vault, layout_basic, lightli_too_deep,
          minmay_misc_feat_rugged, abyss_entry_flame_altar,
          infiniplex_staircase_pillars_3b
Depths:5: grunt_profane_halls [grunt_profane_temple_dis,
          grunt_profane_temple_coc, grunt_profane_temple_tar,
          grunt_profane_temple_geh, grunt_zot_portal], hell_entry, serial_shops,
          uniq_boris, uniq_xtahua
Zig:19:   ziggurat_pillar_abc, ziggurat_pillar_abc, ziggurat_pillar_abc,
          ziggurat_pillar_abc

Skill      XL: |  1  2  3  4  5  6  7  8  9 10 11 12 13 14 15 16 17 18 19 20 21 22 23 24 25 26 27 |
---------------+----------------------------------------------------------------------------------+-----
Unarmed Combat | 4 5 6 7 9 11 12 13 14 15 16 17 18 20 21 23 | 23.1
Dodging        | 4 5 7 8 9 10 11 | 11.2
Shields        | 5 6 7 8 9 10 11 12 13 15 | 15.0
Invocations    | 3 5 6 8 10 12 | 12.9
Fighting       | 3 6 7 8 10 11 12 13 14 17 19 | 19.0
Translocations | 3 5 7 8 9 10 11 | 11.0
Spellcasting   | 2 3 4 5 6 7 8 9 10 12 | 12.5
Transmutations | 3 4 7 11 12 13 14 15 16 | 16.5
Necromancy     | 5 6 7 8 9 10 | 10.8
Ice Magic      | 4 5 |  5.0
Air Magic      | 7 9 10 | 10.0
Armour         | 2 6 8 |  8.2
Stealth        | |  2.7
Evocations     | |  0.3

Action                   |  1- 3 |  4- 6 |  7- 9 | 10-12 | 13-15 | 16-18 | 19-21 | 22-24 | 25-27 || total
-------------------------+-------+-------+-------+-------+-------+-------+-------+-------+-------++-------
Melee: Unarmed           |    16 |    33 |   335 |   413 |   894 |   929 |   705 |   913 |   889 ||  5127
       Punch             |       |     2 |    12 |       |       |     3 |    18 |    23 |    39 ||    97
       Hand axe          |       |       |       |       |    21 |       |       |       |       ||    21
       Tailslap          |       |       |       |       |       |    10 |    45 |    34 |    27 ||   116
       Bite              |       |       |       |       |       |     8 |    39 |    26 |    30 ||   103
Throw: Dart              |       |     3 |       |     1 |       |       |       |       |       ||     4
       Large rock        |       |       |       |     7 |    21 |    13 |       |       |     2 ||    43
 Cast: Manifold Assault  |       |       |       |       |    18 |   257 |   285 |   367 |   228 ||  1155
       Blink             |       |       |       |       |     4 |     1 |       |       |     2 ||     7
       Sublimation of Bl |       |       |       |       |       |   187 |   303 |   292 |   161 ||   943
       Dragon Form       |       |       |       |       |       |    30 |    66 |    49 |    46 ||   191
       Wereblood         |       |       |       |       |       |       |    18 |    37 |    39 ||    94
       Ozocubu's Armour  |       |       |       |       |       |       |     4 |    11 |    14 ||    29
       Frozen Ramparts   |       |       |       |       |       |       |     1 |       |       ||     1
       Apportation       |       |       |       |       |       |       |       |     8 |       ||     8
       Ice Form          |       |       |       |       |       |       |       |     2 |       ||     2
       Storm Form        |       |       |       |       |       |       |       |       |    24 ||    24
       Passage of Golubr |       |       |       |       |       |       |       |       |    13 ||    13
       Silence           |       |       |       |       |       |       |       |       |     3 ||     3
       Necromutation     |       |       |       |       |       |       |       |       |     1 ||     1
Invok: Slouch            |       |       |       |       |     1 |     4 |     9 |     5 |     6 ||    25
       Temporal Distorti |       |       |       |       |     1 |       |       |     2 |     2 ||     5
       Step From Time    |       |       |       |       |       |       |     1 |       |       ||     1
 Abil: Breathe Fire      |       |       |       |       |       |     2 |    13 |     4 |     1 ||    20
       End Transformatio |       |       |       |       |       |     1 |     4 |     9 |    15 ||    29
       Blinkbolt         |       |       |       |       |       |       |       |       |    18 ||    18
Evoke: Wand              |       |     2 |     5 |    12 |    39 |     9 |     3 |     1 |       ||    71
  Use: Potion            |     1 |       |     4 |     2 |     2 |    10 |     2 |       |    20 ||    41
       Scroll            |       |     1 |     1 |     6 |    16 |    10 |     5 |     2 |    16 ||    57
 Stab: Sleeping          |     1 |     1 |    14 |     3 |     8 |     2 |       |     1 |       ||    30
       Distracted        |       |       |     1 |       |     1 |       |     2 |       |     1 ||     5
Armor: Robe              |     4 |    16 |    70 |     5 |       |       |       |       |       ||    95
       Troll leather arm |       |       |       |    67 |   132 |    58 |       |     3 |    15 ||   275
       Skin              |       |       |       |       |       |    21 |   145 |    60 |   186 ||   412
       Gold dragon scale |       |       |       |       |       |       |       |    34 |       ||    34
Dodge: Dodged            |     8 |    14 |   165 |   174 |   243 |   171 |   174 |   173 |   770 ||  1892
Block: Kite shield       |       |       |    78 |   311 |   200 |   322 |     9 |    64 |   101 ||  1085
       Reflection        |       |       |     6 |    13 |    15 |    35 |       |       |    12 ||    81
       Other             |       |       |     4 |       |       |     7 |       |       |       ||    11
       Tower shield      |       |       |       |   177 |   872 |       |       |       |       ||  1049
